 Dungeon Crawl Stone Soup version 0.28.0-53-g5a82cb258f (webtiles) character file.

Game seed: 1805760422878783384

2585 Gabide the Martial Artist (level 9, -10/65 HPs)
             Began as a Mummy Necromancer on May 29, 2022.
             Mangled by an orc warrior
             ... wielding a +0 glaive
              (20 damage)
             ... on level 6 of the Dungeon on May 30, 2022.
             The game lasted 00:29:03 (11772 turns).

Gabide the Martial Artist (Mummy Necromancer)      Turns: 11772, Time: 00:29:03

Health: -10/65     AC:  9    Str: 11    XL:     9   Next: 32%
Magic:  14/18      EV: 10    Int: 18    God:
Gold:   247        SH:  0    Dex: 13    Spells: 10/20 levels left

rFire   . . .      SeeInvis .     - Unarmed
rCold   + . .      Faith    .   (no shield)
rNeg    + + +      Spirit   .   e - +0 ring mail
rPois   ∞          Reflect  .   h - +0 helmet
rElec   .          Harm     .   c - +0 cloak
rCorr   .          Rampage  .   (no gloves)
Will    ++...                   j - +1 pair of boots
Stlth   +.........              (no amulet)
HPRegen 0.20/turn               k - ring of willpower
MPRegen 0.16/turn               i - ring of protection from fire

@: no status effects
A: cold resistance 1, negative energy resistance 3, torment resistance 2, heat
vulnerability 1, no potions
a: no special abilities


You were on level 6 of the Dungeon.
You visited 1 branch of the dungeon, and saw 6 of its levels.

You collected 247 gold pieces.

Inventory:

Hand Weapons
 g - a +0 mace of distortion
Missiles
 f - 12 poisoned darts (quivered)
Armour
 c - a +0 cloak (worn)
 e - a +0 ring mail (worn)
 h - a +0 helmet (worn)
 j - a +1 pair of boots (worn)
Jewellery
 b - a ring of see invisible
 i - a ring of protection from fire (right hand)
 k - a ring of willpower (left hand)
 l - an amulet of guardian spirit
Wands
 o - a wand of digging (8)
Scrolls
 a - a scroll of brand weapon
 n - a scroll of magic mapping {unknown}
 p - a scroll of vulnerability {unknown}


   Skills:
 + Level 4.3 Fighting
 - Level 2.0 Armour
 - Level 2.0 Dodging
 - Level 1.5 Stealth
 - Level 8.0 Unarmed Combat
 - Level 6.0 Spellcasting
 - Level 6.0 Necromancy


You had 10 spell levels left.
You knew the following spells:

 Your Spells              Type           Power      Damage    Failure   Level
a - Pain                  Necr           100%       1d9       2%          1
b - Animate Skeleton      Necr           54%        N/A       2%          1
c - Slow                  Hex            20%        N/A       28%         1
d - Vampiric Draining     Necr           27%        2d7       7%          3
e - Animate Dead          Necr           13%        N/A       24%         4

Your spell library contained the following spells:

 Spells                   Type           Power      Damage    Failure   Level
 Agony                    Necr           27%        N/A       54%         5
 Excruciating Wounds      Necr           13%        N/A       54%         5


Dungeon Overview and Level Annotations

Branches:
Dungeon (6/15)
 Temple: D:4-7

Altars:
Uskayaw

Shops:
D:1 ?

Annotations:
D:3 1 runed translucent door, Robocop's ghost, amateur HOFi
D:6 4 runed translucent doors


Innate Abilities, Weirdness & Mutations

You are immune to poison.
Your flesh is cold resistant. (rC+)
You are immune to negative energy. (rN+++)
You are immune to unholy pain and torment.
You are vulnerable to heat. (rF-)
You do not drink.


Message History

Unknown command.
Unknown command.
Your magical contamination has completely faded away.
You see here a +0 battleaxe.
There is an open door here.
You see here 31 sling bullets.
You throw a poisoned dart. The poisoned dart hits the orc warrior.
The orc warrior is poisoned.
The orc warrior closely misses you.
Casting: Slow (safe; 28% risk of failure)
Confirm with . or Enter, or press ? or * to list all spells.
Aiming: Vampiric Draining (dangerous; 7% risk of failure)
Press: ? - help, Shift-Dir - straight line, f/p - orc warrior
Aim: an orc warrior, wielding a +0 glaive and wearing a +0 plate armour (lightly wounded, poisoned)
You draw life force from the orc warrior!
You feel life coursing into your body.
The orc warrior hits you with a +0 glaive!!
Casting: Vampiric Draining (dangerous; 7% risk of failure)
Confirm with . or Enter, or press ? or * to list all spells.
Aiming: Vampiric Draining (dangerous; 7% risk of failure)
Press: ? - help, Shift-Dir - straight line, f/p - orc warrior
Aim: an orc warrior, wielding a +0 glaive and wearing a +0 plate armour (moderately wounded, poisoned)
You miscast Vampiric Draining.
You are very lightly contaminated with residual magic.
Nothing appears to happen.
The orc warrior hits you with a +0 glaive!
* * * LOW HITPOINT WARNING * * *
Casting: Vampiric Draining (dangerous; 7% risk of failure)
Confirm with . or Enter, or press ? or * to list all spells.
Okay, then.
The orc warrior curses noisily.
The orc warrior hits you from afar with a +0 glaive.
* * * LOW HITPOINT WARNING * * *
The orc warrior looks more healthy.
Your magical contamination has completely faded away.
The orc warrior hits you from afar with a +0 glaive.
* * * LOW HITPOINT WARNING * * *
There is a stone staircase leading up here.
The orc warrior hits you from afar with a +0 glaive!!
You die...

########.#.#
#.##o###......
#.#.#
#.##.#########
#.#.#
#.##.).o......
#.#.#
#o############
#.#.# #.#
#.#.########.#
#.#...o......#
#.############
#.....o.@..#
########.###
###


You could see an orc warrior.

Vanquished Creatures
  Pikel (D:3)
  Grinder (D:4)
  A sky beast (D:6)
  4 ogres
  2 lemures (D:5)
  A necrophage (D:4)
  2 centaurs (D:6)
  2 kobold brigands
  4 scorpions (D:6)
  A water moccasin zombie (D:6)
  A water moccasin skeleton (D:6)
  A wight (D:6)
  A bullfrog zombie (D:6)
  2 hounds
  3 orc priests
  Crazy Yiuf (D:5)
  A jelly (D:5)
  Jessica (D:3)
  4 iguanas
  4 orc wizards
  2 killer bee zombies (D:6)
  A hound skeleton (D:4)
  Robin (D:3)
  4 gnolls
  5 adders
  A shadow imp (D:6)
  An ufetubus (D:4)
  An adder skeleton (D:4)
  A worm (D:5)
  A dart slug (D:5)
  10 orcs
  A ball python (D:3)
  2 bats
  10 endoplasms
  3 giant cockroaches
  8 hobgoblins
  4 jackals (D:1)
  2 quokkas (D:1)
  2 frilled lizards (D:1)
  13 goblins
  9 kobolds
  3 rats
123 creatures vanquished.

Vanquished Creatures (collateral kills)
  A howler monkey zombie (D:6)
  2 orcs
3 creatures vanquished.

Vanquished Creatures (others)
  2 plants (D:2)
2 creatures vanquished.

Grand Total: 128 creatures vanquished

Notes
Turn   | Place    | Note
-------+----------+-------------------------------------------
     0 | D:1      | Gabide the Mummy Necromancer began the quest for the Orb.
     0 | D:1      | Reached XP level 1. HP: 13/13 MP: 4/4
    74 | D:1      | Found Gilih Gyzy's Magic Scroll Emporium.
   247 | D:1      | Reached XP level 2. HP: 20/20 MP: 0/6
   489 | D:1      | Reached skill level 1 in Fighting
   529 | D:1      | Learned a level 1 spell: Animate Skeleton
  1343 | D:2      | Found a faded altar of an unknown god.
  1351 | D:2      | Got Plato's Reference Book on Execration
  1355 | D:2      | Learned a level 1 spell: Slow
  1453 | D:2      | Reached XP level 3. HP: 21/27 MP: 4/7
  1606 | D:2      | Reached skill level 1 in Armour
  2041 | D:2      | Reached XP level 4. HP: 33/33 MP: 4/8
  2355 | D:2      | Reached skill level 1 in Unarmed Combat
  2515 | D:3      | Noticed Robin
  2755 | D:3      | Killed Robin
  3000 | D:3      | Found a runed translucent door.
  3071 | D:3      | Noticed Jessica
  3076 | D:3      | Killed Jessica
  3077 | D:3      | Reached skill level 2 in Unarmed Combat
  3077 | D:3      | Reached XP level 5. HP: 38/38 MP: 4/9
  3602 | D:3      | Noticed Robocop's ghost (amateur HOFi)
  4187 | D:4      | Reached skill level 3 in Unarmed Combat
  4315 | D:4      | Reached XP level 6. HP: 23/44 MP: 0/10
  4603 | D:4      | Noticed Grinder
  4645 | D:4      | Paralysed by Grinder for 3 turns
  4650 | D:4      | Paralysed by Grinder for 3 turns
  4659 | D:4      | Killed Grinder
  4660 | D:4      | Reached skill level 4 in Unarmed Combat
  4953 | D:4      | Noticed an ice beast
  4954 | D:4      | Noticed a steam dragon
  4954 | D:4      | Noticed a water moccasin
  5009 | D:4      | Reached skill level 5 in Unarmed Combat
  5009 | D:4      | Reached XP level 7. HP: 47/50 MP: 11/11
  5212 | D:5      | Entered Level 5 of the Dungeon
  6221 | D:5      | Reached skill level 6 in Unarmed Combat
  6225 | D:5      | Learned a level 3 spell: Vampiric Draining
  6230 | D:5      | Learned a level 4 spell: Animate Dead
  6862 | D:5      | Noticed Pikel
  8463 | D:3      | Killed Pikel
  8464 | D:3      | Reached skill level 7 in Unarmed Combat
  8464 | D:3      | Reached XP level 8. HP: 19/56 MP: 2/14
  8695 | D:5      | Found a runed translucent door.
  8696 | D:5      | Noticed Crazy Yiuf
  8930 | D:5      | Killed Crazy Yiuf
  9222 | D:6      | Reached skill level 8 in Unarmed Combat
  9625 | D:6      | Reached skill level 5 in Spellcasting
  9739 | D:6      | Found a large runed translucent door.
  9739 | D:6      | Found a large runed translucent door.
  9741 | D:6      | Noticed a boulder beetle
  9742 | D:6      | Found a large runed translucent door.
  9742 | D:6      | Found a large runed translucent door.
  9845 | D:6      | Reached skill level 5 in Necromancy
 10587 | D:6      | Reached XP level 9. HP: 55/61 MP: 3/17
 10792 | D:6      | Found a hide-covered altar of Uskayaw.
 11288 | D:6      | Noticed a troll
 11772 | D:6      | Mangled by an orc warrior

Illustrated notes

Levels and vault maps discovered:
D:1:      saegor_arrival_simple_a, layout_loops_ring, serial_shops, shop
D:2:      layout_basic, shapermc_ecumenical_altar_rom_forum, serial_bayou_pond_b
D:3:      layout_basic, ebering_ghost_reflecting_pool,
          chequers_serial_rivers_small_a, minivault_14, uniq_robin, uniq_jessica
D:4:      layout_rooms, minmay_misc_feat_secret_circle,
          hangedman_abyss_or_decor_lesser_grid, lightli_corner_chamber,
          uniq_grinder
D:5:      layout_cave_pools, chequers_serial_rivers_micro_c, uniq_pikel,
          uniq_crazy_yiuf_cottage
D:6:      layout_basic, mainiacjoe_overflow_brackets,
          minmay_hollow_rounded_squares

Skill      XL: |  1  2  3  4  5  6  7  8  9 |
---------------+----------------------------+-----
Spellcasting   | 3 4 5 6 |  6.0
Dodging        | 2 |  2.0
Fighting       | 2 4 |  4.3
Armour         | 2 |  2.0
Unarmed Combat | 2 3 5 7 8 |  8.0
Necromancy     | 5 6 |  6.0
Stealth        | |  1.5

Action                   |  1- 3 |  4- 6 |  7- 9 || total
-------------------------+-------+-------+-------++-------
Melee: Unarmed           |    25 |    90 |   155 ||   270
       Punch             |       |     3 |     8 ||    11
Throw: Dart              |       |       |    16 ||    16
 Cast: Pain              |    74 |    89 |   140 ||   303
       Animate Skeleton  |       |     3 |    10 ||    13
       Slow              |       |     1 |     5 ||     6
       Vampiric Draining |       |       |    30 ||    30
Evoke: Wand              |       |     3 |    12 ||    15
  Use: Scroll            |     1 |     2 |    11 ||    14
Armor: Ring mail         |    10 |    38 |    76 ||   124
Dodge: Dodged            |    26 |    65 |   146 ||   237
